 Dungeon Crawl Stone Soup version 0.28-a0-1510-gd0f6b136d3 (webtiles) character file.

Game seed: 2306084372329921564

361 psuckher the Digger (level 6, -9/33 HPs)
             Began as a Gargoyle Earth Elementalist on Jan 14, 2022.
             Was an Initiate of Gozag.
             Mangled by a gnoll (12 damage)
             ... on level 5 of the Dungeon on Jan 15, 2022.
             The game lasted 00:23:09 (3462 turns).

psuckher the Digger (Gargoyle Earth Elementalist)   Turns: 3462, Time: 00:23:10

Health: -9/33      AC:  6    Str: 13    XL:     6   Next: 66%
Magic:  0/11       EV: 12    Int: 18    God:    Gozag
Gold:   403        SH:  0    Dex: 10    Spells: 8/12 levels left

rFire   . . .      SeeInvis .   i - +0 morningstar
rCold   . . .      Faith    .   (no shield)
rNeg    + . .      Spirit   .   b - +0 robe
rPois   ∞          Reflect  .   (no helmet)
rElec   +          Harm     .   (no cloak)
rCorr   .          Rampage  .   (no gloves)
Will    .....                   (no boots)
Stlth   +.........              (no amulet)
HPRegen 0.11/turn               (no ring)
MPRegen 0.12/turn               (no ring)

@: lit by a corona, very slightly contaminated, glowing
A: sickness immunity, AC +4, negative energy resistance 1, electricity
resistance, torment resistance 1, petrification resistance, clever 1
a: Renounce Religion, Potion Petition, Call Merchant, Bribe Branch


You were on level 5 of the Dungeon.
You worshipped Gozag.
Gozag was aware of your devotion.
You visited 1 branch of the dungeon, and saw 5 of its levels.

You collected 403 gold pieces.

Inventory:

Hand Weapons
 i - a +0 morningstar (weapon)
Missiles
 c - 59 stones
Armour
 b - a +0 robe (worn)
 e - a +0 kite shield
 g - a +0 ring mail
Scrolls
 h - a scroll of enchant weapon
 k - 2 scrolls of identify
 o - a scroll of blinking {unknown}
Potions
 a - 3 potions of might
 d - 3 potions of curing {unknown}
 j - 2 potions of cancellation
 l - a potion of brilliance {unknown}
 m - a potion of haste {unknown}
 n - a potion of lignification {unknown}


   Skills:
 + Level 0.4 Fighting
 + Level 1.2 Maces & Flails
 + Level 2.6 Dodging
 + Level 3.2 Stealth
 + Level 0.5 Unarmed Combat
 + Level 3.5 Spellcasting
 + Level 0.8 Transmutations
 + Level 6.1 Earth Magic


You had 8 spell levels left.
You knew the following spells:

 Your Spells              Type           Power      Damage    Failure   Level
a - Sandblast             Erth           50%        2d12      1%          1
b - Animate Skeleton      Necr           6%         N/A       16%         1
c - Passwall              Tmut/Erth      12%        N/A       5%          2

Your spell library contained the following spells:

 Spells                   Type           Power      Damage    Failure   Level
 Stone Arrow              Conj/Erth      28%        3d8       13%         3
 Pain                     Necr           12%        1d4       16%         1
 Petrify                  Tmut/Erth      15%        N/A       36%         4
 Vampiric Draining        Necr           3%         2d6       43%         3


Dungeon Overview and Level Annotations

Branches:
Dungeon (4/15)
 Temple: D:4-7

Altars:
Gozag
Zin

Shops:
D:1 ?


Innate Abilities, Weirdness & Mutations

You are immune to sickness and miasma.
Your stone body is resilient. (AC +4)
You are immune to poison.
You resist negative energy. (rN+)
You are resistant to electric shocks. (rElec)
You are resistant to unholy torment.
You are immune to petrification.
Your mind is acute. (Int +2)


Message History

The gnoll hits you with a +0 whip.
A gnoll comes into view. It is wielding a +0 flail.
You see here a scroll labelled FOIGAKK JOTEC.
o - a scroll labelled FOIGAKK JOTEC The gnoll shaman calls down the wrath of its god upon you.
You resist with some effort. The gnoll hits you with a +0 whip.
You feel extremely strange.
You feel clever. The gnoll shaman closely misses you.
The gnoll hits you with a +0 whip.
Aiming: Sandblast (safe; 1% risk of failure)
Press: ? - help, Q - select action, (/) - cycle Shift-Dir - straight line The blast of sand hits the gnoll shaman!
The gnoll shaman is heavily wounded.
A gnoll comes into view. It is wielding a +0 spear.
The gnoll hits you with a +0 whip.
A gnoll comes into view. It is wielding a +0 spear.
The gnoll shaman mumbles some strange prayers to its god against you.
You are outlined in light.
Your magical contamination has completely faded away.
Aiming: Sandblast (safe; 1% risk of failure)
Press: ? - help, Q - select action, (/) - cycle Shift-Dir - straight line You miscast Sandblast.
You are very lightly contaminated with residual magic.
Nothing appears to happen.
The gnoll shouts!
The gnoll shouts!
You hear a shout!
The gnoll misses you.
The gnoll shaman calls upon its god to speed up the gnoll.
The gnoll seems to speed up.
Aiming: Sandblast (safe; 1% risk of failure)
Press: ? - help, Q - select action, (/) - cycle Shift-Dir - straight line The blast of sand misses the gnoll shaman.
The gnoll hits you from afar with a +0 halberd.
* * * LOW HITPOINT WARNING * * *
The gnoll hits you but does no damage. The gnoll hits you with a +0 whip.
* * * LOW HITPOINT WARNING * * *
The gnoll hits you from afar with a +0 halberd!
You die...
Your body crumbles into a pile of gold.

#...........
####...........
......#'#######
......#)....#
......#.....#
......+.....+
......#.....#
######+##......#+##..#
.......g@g..####.##..#
..g....g....#........+
........g...#........#
........g...#........#
....g.......#######..#
....####.(♣P.P...##..#
....#..#..≈≈≈.≈......#
... #..'..♣P≈≈.......#
.. ####.....######..#


You could see a gnoll shaman and 6 gnolls.

Vanquished Creatures
  A black bear (D:5)
  2 scorpions
  An orc wizard (D:2)
  2 gnolls
  4 adders
  2 adder skeletons (D:4)
  A worm (D:4)
  3 dart slugs
  5 orcs
  4 ball pythons
  3 endoplasms
  6 giant cockroaches
  6 goblins
  3 hobgoblins
  3 jackals (D:1)
  2 kobolds
  A quokka (D:1)
  3 bats (D:1)
  4 rats
56 creatures vanquished.

Vanquished Creatures (others)
  15 plants (D:5)
15 creatures vanquished.

Grand Total: 71 creatures vanquished

Notes
Turn   | Place    | Note
-------+----------+-------------------------------------------
     0 | D:1      | psuckher the Gargoyle Earth Elementalist began the quest
                  | for the Orb.
     0 | D:1      | Reached XP level 1. HP: 10/10 MP: 3/3
   121 | D:1      | Reached skill level 4 in Earth Magic
   121 | D:1      | Reached XP level 2. HP: 14/15 MP: 0/5
   257 | D:1      | Learned a level 1 spell: Animate Skeleton
   412 | D:1      | Reached XP level 3. HP: 15/19 MP: 2/6
   451 | D:1      | Found Bentet's Magic Scroll Emporium.
   509 | D:1      | Found a faded altar of an unknown god.
   522 | D:1      | Prayed at the altar of an unknown god.
   522 | D:1      | Became a worshipper of Gozag Ym Sagoz the Greedy
  1460 | D:2      | Reached XP level 4. HP: 24/24 MP: 5/7
  1487 | D:2      | Reached skill level 5 in Earth Magic
  1706 | D:3      | Learned a level 2 spell: Passwall
  2238 | D:3      | Noticed a scorpion
  2251 | D:3      | Killed a scorpion
  2252 | D:3      | Reached XP level 5. HP: 23/28 MP: 6/9
  2462 | D:3      | Found a glowing silver altar of Zin.
  3306 | D:4      | You fall into a shaft and drop 1 floor!
  3306 | D:5      | Entered Level 5 of the Dungeon
  3311 | D:5      | Noticed a black bear
  3319 | D:5      | Killed a black bear
  3320 | D:5      | Reached skill level 1 in Maces & Flails
  3320 | D:5      | Reached XP level 6. HP: 10/33 MP: 5/11
  3431 | D:5      | Reached skill level 6 in Earth Magic
  3459 | D:5      | Gained mutation: Your mind is acute. (Int +2) [potion of
                  | mutation]
  3462 | D:5      | Mangled by a gnoll

Illustrated notes

Levels and vault maps discovered:
D:1:      ebering_trefoil_twist, layout_basic, serial_shops, shop,
          basic_ecumenical_altar
D:2:      layout_rooms, minmay_between
D:3:      layout_loops_corners, zin_treasury
D:4:      layout_loops_ring, gammafunk_temple_overflow_forgotten
D:5:      layout_gridville, temple_statues, serial_bayou, serial_bayou_shore_b,
          serial_bayou_crossing, serial_bayou_pond_e, serial_bayou_pond_c,
          grunt_ministairs_15

Skill      XL: |  1  2  3  4  5  6 |
---------------+-------------------+-----
Earth Magic    | 4 5 6 |  6.1
Stealth        | 3 |  3.2
Dodging        | 2 |  2.6
Spellcasting   | 3 |  3.5
Maces & Flails | 1 |  1.2
Fighting       | |  0.4
Unarmed Combat | |  0.5
Transmutations | |  0.8

Action                   |  1- 3 |  4- 6 || total
-------------------------+-------+-------++-------
Melee: Unarmed           |    29 |       ||    29
       Morningstar       |     2 |    28 ||    30
 Cast: Sandblast         |    32 |    51 ||    83
       Passwall          |       |     2 ||     2
  Use: Scroll            |     4 |       ||     4
       Potion            |       |     1 ||     1
Armor: Robe              |    28 |    21 ||    49
Dodge: Dodged            |    35 |    39 ||    74

Table legend: (Time is in decaauts)
 A = Elapsed time spent in this place.
 B = Non-inter-level travel time spent in this place.
 C = Inter-level travel time spent in this place.
 D = Time resting spent in this place.
 E = Time spent auto-exploring this place.
 F = Levels seen in this place.
 G = Mean time per level.
                   A        B        C        D        E       F      G
               +--------+--------+--------+--------+--------+-----+--------+
         Total |   3477 |   2795 |    682 |      0 |      0 |   5 |  695.4 |
       Dungeon |   3477 |   2795 |    682 |      0 |      0 |   5 |  695.4 |
               +--------+--------+--------+--------+--------+-----+--------+

Top non-repeatable levels by time:
     D:3: 1414 daAuts
     D:1: 1069 daAuts
     D:2: 609 daAuts
     D:4: 223 daAuts
     D:5: 161 daAuts
